 Dungeon Crawl Stone Soup version 0.18.1-8-gdd0e5ea (webtiles) character file.

97 M4edhros the Insei (level 4, 0/27 HPs)
             Began as an Octopode Necromancer on June 6, 2016.
             Slain by a hobgoblin (6 damage)
             ... on level 2 of the Dungeon.
             The game lasted 00:02:59 (557 turns).

M4edhros the Insei (Octopode Necromancer)            Turns: 557, Time: 00:03:00

Health: 0/27       AC:  1    Str:  7    XL:     4   Next: 68%
Magic:  1/7        EV: 12    Int: 17    God:
Gold:   34         SH:  0    Dex: 13    Spells: 3 memorised, 2 levels left

rFire  . . .     SeeInvis .       - Unarmed
rCold  . . .     Gourm    .     (no shield)
rNeg   . . .     Faith    .     (helmet restricted)
rPois  .         Spirit   .     g - amulet of harm
rElec  .         Dismiss  .     (no ring)
rCorr  .         Reflect  .     (no ring)
SustAt .         Harm     +     (no ring)
MR     .....                    (no ring)
Stlth  +++.......               (no ring)
                                (no ring)
                                (no ring)
                                (no ring)

@: very slightly contaminated, not resistant to hostile enchantments, fairly
stealthy
A: almost no armour, amphibious, 8 rings, constrict 8, camouflage 1, gelatinous
body 1
a: no special abilities


You were on level 2 of the Dungeon.
You were not hungry.

You visited 1 branch of the dungeon, and saw 3 of its levels.

You collected 34 gold pieces.

Inventory:

Jewellery
 g - an amulet of harm (around mantle)
Scrolls
 c - a scroll of remove curse {unknown}
 e - a scroll of identify {unknown}
 h - 3 scrolls of magic mapping {unknown}
Potions
 f - a potion of curing {unknown}
Books
 a - a book of Necromancy

   Spells                             Type                      Level
   a - Pain                           Necromancy                   1
   b - Animate Skeleton               Necromancy                   1
   c - Vampiric Draining              Necromancy                   3
   d - Regeneration                   Charms/Necromancy            3
   e - Animate Dead                   Necromancy                   4
   f - Control Undead                 Necromancy                   4
Comestibles
 b - 5 bread rations


   Skills:
 - Level 2.0 Dodging
 - Level 2.6 Stealth
 + Level 4.1 Unarmed Combat
 - Level 2.0 Spellcasting
 - Level 4.0 Necromancy


You had 2 spell levels left.
You knew the following spells:

 Your Spells              Type           Power        Failure   Level  Hunger
a - Pain                  Necr           ###.         3%          1    #......
b - Animate Skeleton      Necr           N/A          3%          1    #......
r - Regeneration          Chrm/Necr      #.........   24%         3    ###....


Dungeon Overview and Level Annotations

Branches:
Dungeon (3/15)

Altars:
Okawaru

Annotations:
D:3 deorigin's ghost, weakling DrTm


Innate Abilities, Weirdness & Mutations

You cannot wear most types of armour.
You are amphibious.
You can wear up to eight rings at the same time.
You can use your tentacles to constrict eight enemies at once.
Your skin changes colour to match your surroundings (Stealth).
Your rubbery body absorbs attacks (AC +1).


Message History

You tentacle-slap Ijyb but do no damage.
Ijyb is almost dead.
You constrict Ijyb.
You kill Ijyb!
Your Unarmed Combat skill increases to level 4!
You constrict the goblin. The goblin hits you but does no damage.
Unknown command.
You tentacle-slap the goblin.
You kill the goblin!
Unknown command.
You tentacle-slap the hobgoblin but do no damage.
You grab the hobgoblin. You constrict the hobgoblin. The hobgoblin hits you.
* * * LOW HITPOINT WARNING * * *
Your kobold skeleton hits the hobgoblin but does no damage.
Unknown command.
You tentacle-slap the hobgoblin.
The hobgoblin is almost dead.
You constrict the hobgoblin, but do no damage.
The hobgoblin hits you.
You die...

##.# ..# ##.#
#.# ##.# #
#.# ##.#.#
#.# ##.#.#
#.# .....#
#.# ##.####
#####.#######
>.....#
#......Z....#
...##.#
#.###..@g..?#
#####.# #.#
#######.# #Z#
#.# # #Z# #Z#
#.# ##.# #.#
#..# #.# #.##
#.# #.# ##
#.# #.#


You could see a hobgoblin and a friendly kobold skeleton.

Vanquished Creatures
  Jessica (D:2)
  Ijyb (D:2)
  An adder (D:2)
  A dart slug (D:2)
  A giant gecko (D:2)
  2 giant cockroaches (D:3)
  5 goblins
  A hobgoblin (D:3)
  2 jackals
  7 kobolds
  3 bats (D:2)
  A giant newt (D:2)
  A rat (D:1)
27 creatures vanquished.

Vanquished Creatures (collateral kills)
  An adder (D:2)
  A hobgoblin (D:2)
2 creatures vanquished.

Grand Total: 29 creatures vanquished

Notes
Turn   | Place    | Note
--------------------------------------------------------------
     0 | D:1      | M4edhros the Octopode Necromancer began the quest for the Orb.
     0 | D:1      | Reached XP level 1. HP: 11/11 MP: 3/3
    86 | D:2      | Reached skill level 1 in Unarmed Combat
   108 | D:2      | Reached XP level 2. HP: 6/17 MP: 1/5
   137 | D:2      | Learned a level 1 spell: Animate Skeleton
   276 | D:2      | Reached XP level 3. HP: 8/21 MP: 2/6
   281 | D:2      | Learned a level 3 spell: Regeneration
   403 | D:3      | Found an iron altar of Okawaru.
   419 | D:3      | Noticed deorigin's ghost (weakling DrTm)
   500 | D:2      | Noticed Jessica
   504 | D:2      | Killed Jessica
   504 | D:2      | Reached XP level 4. HP: 3/27 MP: 7/7
   538 | D:2      | Noticed Ijyb
   554 | D:2      | Killed Ijyb
   557 | D:2      | Slain by a hobgoblin

Skill      XL: |  1  2  3  4 |
---------------+-------------+-----
Unarmed Combat | 1 2 3 4 |  4.1
Dodging        | |  2.0
Stealth        | |  2.6
Spellcasting   | |  2.0
Necromancy     | |  4.0

Action                   |  1- 3 |  4- 6 || total
-------------------------+-------+-------++-------
Melee: Unarmed           |    59 |    17 ||    76
       Constrict         |    10 |     6 ||    16
       Tentacles         |     6 |     5 ||    11
       Punch             |       |     2 ||     2
 Cast: Pain              |    13 |       ||    13
       Animate Skeleton  |     4 |     1 ||     5
       Regeneration      |     4 |     2 ||     6
 Stab: Sleeping          |     4 |       ||     4
Armor: Skin              |     7 |       ||     7
Dodge: Dodged            |    47 |     8 ||    55
